 Dungeon Crawl Stone Soup version 0.28-a0-991-g956f0ee3d5 (webtiles) character file.

Game seed: 17829842109816250913

91 tilp the Chiller (level 4, -3/18 HPs)
             Began as a Felid Ice Elementalist on Dec 5, 2021.
             Was an Initiate of Ru.
             Slain by a gnoll (6 damage)
             ... on level 2 of the Dungeon.
             The game lasted 00:03:45 (3172 turns).

tilp the Chiller (Felid Ice Elementalist)           Turns: 3172, Time: 00:03:46

Health: -3/18      AC:  1    Str:  4    XL:     4   Next: 34%
Magic:  2/9        EV: 17    Int: 18    God:    Ru [......]
Gold:   111        SH:  0    Dex: 16    Spells: 5/9 levels left
                                        Lives:  0   Deaths: 1

rFire   . . .      SeeInvis +     - Unarmed
rCold   . . .      Faith    .   (shield unavailable)
rNeg    . . .      Spirit   .   (armour unavailable)
rPois   .          Reflect  .   (helmet unavailable)
rElec   .          Harm     .   (cloak unavailable)
rCorr   .          Rampage  .   (gloves unavailable)
Will    .....                   (boots unavailable)
Stlth   ++........              (no amulet)
HPRegen 0.06/turn               (no ring)
MPRegen 0.11/turn               (no ring)

@: freezing walls, quick
A: very small, claws 1, fangs 3, see invisible, speed 1, shaggy fur 1, stealthy
paws, no weapons or thrown items, no armour, multi-lived
a: Renounce Religion


You were on level 2 of the Dungeon.
You worshipped Ru.
Ru was noncommittal.
You visited 1 branch of the dungeon, and saw 4 of its levels.

You collected 111 gold pieces.

Inventory:

Potions
 a - 2 potions of brilliance
 c - a potion of heal wounds {unknown}


   Skills:
 - Level 2.6 Dodging
 - Level 2.6 Stealth
 - Level 2.0 Unarmed Combat
 + Level 3.0 Spellcasting
 * Level 5.0 Ice Magic


You had 5 spell levels left.
You knew the following spells:

 Your Spells              Type           Power      Damage    Failure   Level
a - Freeze                Ice            80%        1d9       1%          1
b - Frozen Ramparts       Ice            40%        1d6       6%          3

Your spell library contained the following spells:

 Spells                   Type           Power      Damage    Failure   Level
 Ozocubu's Armour         Ice            20%        N/A       6%          3
 Hailstorm                Conj/Ice       11%        3d5       50%         4


Dungeon Overview and Level Annotations

Branches:
Dungeon (4/15)
 Temple: D:4-7

Altars:
Ashenzari
Kikubaaqudgha
Nemelex Xobeh
Okawaru
Ru
Sif Muna
Zin
The Shining One

Shops:
D:1 :


Innate Abilities, Weirdness & Mutations

You have sharp claws.
You have razor-sharp teeth.
You have supernaturally acute eyesight. (SInv)
You cover ground quickly. (Speed+)
You are covered in fur. (AC +1)
Your paws help you pounce on unaware monsters.
You are incapable of wielding weapons or throwing items.
You cannot wear armour.
You gain extra lives every three experience levels.


Message History

The wall freezes the quokka.
You kill the quokka!
The wall freezes the gnoll.
A gnoll comes into view. It is wielding a +0 short sword.
Your Spellcasting skill increases to level 3!
The wall freezes the gnoll. x2
Casting: Frozen Ramparts (quite dangerous; 6% risk of failure)
Confirm with . or Enter, or press ? or * to list all spells.
Aiming: Freeze (safe; 2% risk of failure)
Press: ? - help, Shift-Dir - straight line, f - gnoll
Aim: a gnoll, wielding a +0 whip (severely wounded)
You freeze the gnoll.
The gnoll is almost dead.
The frozen ramparts melt away.
The gnoll closely misses you.
Unknown command.
The gnoll hits you with a +0 whip.
Casting: Freeze (safe; 2% risk of failure)
Confirm with . or Enter, or press ? or * to list all spells.
The spell is quite dangerous to miscast (6% risk of failure)!
Continue anyway?
Casting: Frozen Ramparts (quite dangerous; 6% risk of failure)
Press: ? - help, Dir - look around, f - activate The walls around you are covered in ice.
The wall freezes the gnoll.
You kill the gnoll!
The wall freezes the gnoll.
Your Ice Magic skill increases to level 5!
The wall freezes the gnoll.
The gnoll hits you with a +0 flail!
The wall freezes the gnoll.
The wall freezes the gnoll.
The gnoll hits you with a +0 flail.
* * * LOW HITPOINT WARNING * * *
Casting: Frozen Ramparts (quite dangerous; 6% risk of failure)
Confirm with . or Enter, or press ? or * to list all spells.
Aiming: Freeze (safe; 1% risk of failure)
Press: ? - help, Shift-Dir - straight line, f - gnoll
Aim: a gnoll, wielding a +0 flail (severely wounded)
You freeze the gnoll.
You kill the gnoll!
The wall freezes the gnoll. x2
The gnoll hits you with a +0 short sword.
You die...

. ######....
#(@g)...#
#.####..#
##.##.....
##.....#
##...#### ..#
#....##### ..#
#..........
..#
#.############
..# #.#
#.......#


You could see a gnoll.

Vanquished Creatures
  A scorpion (D:3)
  An adder (D:2)
  3 gnolls (D:2)
  3 dart slugs (D:1)
  5 orcs (D:3)
  2 ball pythons (D:1)
  7 endoplasms
  3 giant cockroaches
  4 goblins
  6 hobgoblins
  4 jackals
  4 quokkas
  4 bats
  2 frilled lizards
  4 kobolds
  6 rats
59 creatures vanquished.

Notes
Turn   | Place    | Note
-------+----------+-------------------------------------------
     0 | D:1      | tilp the Felid Ice Elementalist began the quest for the
                  | Orb.
     0 | D:1      | Reached XP level 1. HP: 7/7 MP: 4/4
   400 | D:1      | Reached skill level 1 in Unarmed Combat
   640 | D:1      | Reached XP level 2. HP: 11/11 MP: 6/6
   745 | D:1      | Found Rafizxir's Book Boutique.
  1068 | D:1      | Reached XP level 3. HP: 7/14 MP: 3/7
  1073 | D:1      | Learned a level 3 spell: Frozen Ramparts
  1372 | D:1      | Reached skill level 4 in Ice Magic
  2013 | D:2      | Found an ancient bone altar of Kikubaaqudgha.
  2314 | D:2      | You fall into a shaft and drop 2 floors!
  2320 | D:4      | Found a glowing golden altar of the Shining One.
  2321 | D:4      | Found a shimmering blue altar of Sif Muna.
  2321 | D:4      | Found a broken altar of Ashenzari.
  2321 | D:4      | Found an iron altar of Okawaru.
  2322 | D:4      | Found a sparkling altar of Nemelex Xobeh.
  2323 | D:4      | Found a glowing silver altar of Zin.
  2325 | D:4      | Found a sacrificial altar of Ru.
  2331 | D:4      | Became a worshipper of Ru the Awakened
  2440 | D:4      | Noticed a phantom
  2454 | D:3      | Noticed a scorpion
  2457 | D:3      | Reached XP level 4. HP: 14/18 MP: 4/8
  2459 | D:3      | Killed a scorpion
  2480 | D:3      | Killed from afar by an orc priest
  2481 | D:3      | Reached XP level 3. HP: 0/14 MP: 0/8
  2922 | D:2      | Reached XP level 4. HP: 12/18 MP: 4/9
  3170 | D:2      | Reached skill level 5 in Ice Magic
  3172 | D:2      | Slain by a gnoll

Illustrated notes

Levels and vault maps discovered:
D:1:      onia_arrival_mini_spirals, layout_loops_ring, serial_shops,
          nicolae_shop_crystal
D:2:      layout_loops_cross, basic_altar, minmay_bisected
D:3:      layout_rooms, nicolae_ecumenical_lake_church, grunt_ministairs_12,
          uniq_robin
D:4:      layout_basic, minitemple, chequers_serial_rivers_marsh, st_stairs_5

Skill      XL: |  1  2  3  4 |
---------------+-------------+-----
Unarmed Combat | 1 2 |  2.0
Ice Magic      | 4 5 |  5.0
Spellcasting   | 3 |  3.0
Dodging        | |  2.6
Stealth        | |  2.6

Action                   |  1- 3 |  4- 6 || total
-------------------------+-------+-------++-------
Melee: Unarmed           |    23 |    15 ||    38
       Bite              |     1 |     1 ||     2
 Cast: Freeze            |    55 |    12 ||    67
       Frozen Ramparts   |     1 |     2 ||     3
  Use: Scroll            |     2 |       ||     2
       Potion            |       |     2 ||     2
 Stab: Sleeping          |     7 |       ||     7
Armor: Skin              |     4 |     1 ||     5
Dodge: Dodged            |    51 |    33 ||    84

Table legend: (Time is in decaauts)
 A = Elapsed time spent in this place.
 B = Non-inter-level travel time spent in this place.
 C = Inter-level travel time spent in this place.
 D = Time resting spent in this place.
 E = Time spent auto-exploring this place.
 F = Levels seen in this place.
 G = Mean time per level.
                   A        B        C        D        E       F      G
               +--------+--------+--------+--------+--------+-----+--------+
         Total |   2969 |   2922 |     47 |    662 |   1900 |   4 |  742.2 |
       Dungeon |   2969 |   2922 |     47 |    662 |   1900 |   4 |  742.2 |
               +--------+--------+--------+--------+--------+-----+--------+

Top non-repeatable levels by time:
     D:1: 1809 daAuts
     D:2: 1009 daAuts
     D:4: 114 daAuts
     D:3: 37 daAuts
